 Dungeon Crawl Stone Soup version 0.22-a0-252-gcace5d2d35 (webtiles) character file.

57236 MirrMurr the Impaler (level 14, -9/138 HPs)
             Began as a Tengu Berserker on Mar 2, 2018.
             Was the Champion of Trog.
             Mangled by a frost giant
             ... wielding a +0 battleaxe of freezing
              (24 damage)
             ... in an ice cave.
             The game lasted 00:58:20 (20823 turns).

MirrMurr the Impaler (Tengu Berserker)             Turns: 20823, Time: 00:58:20

Health: -9/138     AC: 27    Str: 28    XL:     14   Next: 85%
Magic:  0/15       EV: 19    Int:  8    God:    Trog [******]
Gold:   1486       SH:  0    Dex: 13    Spells: 13/13 levels left

rFire    . . .     SeeInvis +   a - +0 glaive
rCold    + . .     Gourm    .   (shield currently unavailable)
rNeg     . . .     Faith    .   L - +3 plate armour
rPois    .         Spirit   +   u - +2 hat {SInv}
rElec    .         Reflect  .   d - +2 cloak
rCorr    .         Harm     .   K - +2 pair of gloves
MR       +....                  (boots unavailable)
Stlth    ..........             x - amulet of guardian spirit
HPRegen  0.33/turn              T - ring of protection from cold
MPRegen  0.14/turn              N - +4 ring of evasion

@: berserking, flying quickly and evasively, very quick
A: beak, talons 3, able to fly 2
a: Stop Flying, Berserk, Trog's Hand, Brothers in Arms, Renounce Religion


You were in an ice cave.
You worshipped Trog.
Trog was exalted by your worship.
You were very hungry.

You visited 3 branches of the dungeon, and saw 18 of its levels.
You also visited: Labyrinth, Sewer, Bailey and Ice Cave.

You collected 1860 gold pieces.
You spent 374 gold pieces at shops.

Inventory:

Hand Weapons
 a - a +0 glaive (weapon)
 b - a +4 hunting sling of venom
 j - a +4 fustibalus of velocity
 q - a +0 blowgun
 w - a +1 trident of piercing
Missiles
 e - 144 poisoned needles
 f - 516 stones
 E - 197 sling bullets
 H - 4 javelins of penetration (quivered)
 U - 13 javelins
Armour
 d - a +2 cloak (worn)
 u - a +2 hat of see invisible (worn)
 K - a +2 pair of gloves (worn)
 L - a +3 plate armour (worn)
Jewellery
 x - an amulet of guardian spirit (around neck)
 N - a +4 ring of evasion (right hand)
 Q - an uncursed ring of protection from magic
 T - a ring of protection from cold (left hand)
 W - the ring of Zemolas {rElec rPois}
   (You bought it in a shop on level 11 of the Dungeon)

   [ring of poison resistance]

   It insulates you from electricity.
   It protects you from poison.
 Z - an uncursed ring of resist corrosion
Wands
 n - a wand of paralysis (38)
 p - a wand of digging (32)
 y - a wand of iceblast (18)
 F - a wand of polymorph (7)
 J - a wand of disintegration (15)
 O - a wand of flame (47)
 R - a wand of acid (5)
 S - a wand of random effects (56)
Scrolls
 h - 6 scrolls of teleportation
 r - 9 scrolls of remove curse
 s - 7 scrolls of enchant weapon
 v - 4 scrolls of magic mapping
 C - 2 scrolls of fear
 M - a scroll of enchant armour
 X - a scroll of summoning
Potions
 g - 14 potions of heal wounds
 i - 4 potions of might
 l - a potion of invisibility {unknown}
 m - 7 potions of flight
 o - 22 potions of curing
 t - 6 potions of haste
 B - 2 potions of mutation
 D - 2 potions of cancellation
 G - 4 potions of agility
 P - a potion of ambrosia
 V - a potion of resistance
 Y - a potion of lignification {unknown}
Miscellaneous
 k - a sack of spiders
 A - a lightning rod (4/4)
 I - 2 boxes of beasts
Comestibles
 c - 26 rations
 z - 52 chunks of flesh


   Skills:
 + Level 12.5 Fighting
 * Level 17.0 Polearms
 - Level 10.0 Slings
 + Level 11.5 Armour
 + Level 7.7 Dodging


You had 13 spell levels left.
You didn't know any spells.

Dungeon Overview and Level Annotations

Branches:
Dungeon (11/15)            Temple (1/1) D:4            Lair (6/6) D:10
  Swamp (0/4) Lair:2       Spider (0/4) Lair:3        Slime (0/5) Lair:5
    Orc (0/2) D:9

Altars:
Ashenzari
Cheibriados
Dithmenos
Elyvilon
Fedhas
Gozag
Hepliaklqana
Kikubaaqudgha
Makhleb
Nemelex Xobeh
Okawaru
Qazlal
Ru
Sif Muna
Trog
Uskayaw
Vehumet
Wu Jian
Xom
Yredelemnul
Zin
The Shining One

Shops:
D:6 *   D:7 :[%   D:11 ?=


Innate Abilities, Weirdness & Mutations

You have a beak for a mouth.
You have claws for feet.
You can fly continuously.


Message History

The frost giant is severely wounded.
You are engulfed in freezing vapours.
You resist.
You slash the frost giant!
The frost giant is almost dead.
You are engulfed in freezing vapours.
You resist.
The frost giant hits you with a battleaxe of freezing!
* * * LOW HITPOINT WARNING * * *
You barely miss the frost giant.
You claw the frost giant, but do no damage.
The frost giant is almost dead.
You are engulfed in freezing vapours.
You resist.
* * * LOW HITPOINT WARNING * * *
The frost giant points at you and mumbles some strange words.
The bolt of cold hits you! You resist.
* * * LOW HITPOINT WARNING * * *
A red film seems to cover your vision as you go berserk!
You feel yourself moving faster!
You feel mighty!
You are feeling very hungry.
The frost giant hits you with a battleaxe of freezing!!
You die...

#≈≈≈≈≈≈≈≈###.##### ##≈#
#≈≈≈≈≈≈≈≈≈≈###≈≈≈###≈##
#≈≈≈#≈≈≈≈≈≈##≈≈≈≈≈#≈≈#
#≈≈##≈≈≈≈≈≈≈≈≈≈≈≈≈≈≈##
#≈####≈≈≈≈≈≈≈≈≈≈≈≈≈≈##
### #≈≈≈≈#≈≈≈≈≈≈≈≈#.#
########≈≈≈≈≈##.##
###≈≈≈≈≈≈##.#
##.##@≈#≈≈##.#
##hYhC#≈##≈#..#
#.h##h#≈.###..#
#..###.###.#...# .....
#.##).#.÷.# ......#
##.###...## #...h. .
#..## #....# #. #.##
#.... . #.≈


You could see a frost giant, 4 polar bears and a yak.

Vanquished Creatures
  Gastronok (D:8)
  A minotaur (Lab)
  A catoblepas (Lair:2)
  2 hydras
  4 two-headed ogres
  4 skeletal warriors (D:11)
  A lindwurm (Lair:5)
  Pikel (D:6)
  An orc knight (Bailey)
  3 elephants (Lair:6)
  A manticore (D:7)
  An ice statue (IceCv)
  5 black mambas
  11 spiny frogs
  12 gargoyles (Lab)
  9 komodo dragons
  2 ice devils (Lair:6)
  The ghost of Execuda the Shield-Bearer, an amateur DDFi of Makhleb (D:5)
  9 polar bears
  3 trolls
  2 slime creatures (Lair:5)
  8 blink frogs
  8 hippogriffs
  A redback (Lab)
  A wraith (D:11)
  74 yaks
  2 wyverns
  A steam dragon (Lair:3)
  2 basilisks
  8 hungry ghosts
  A warg (D:9)
  Duvessa (D:7)
  A black bear (D:7)
  9 porcupines
  21 water moccasins
  10 orc warriors
  An eye of draining (D:9)
  3 ice beasts
  A slave (D:6)
  3 sky beasts
  7 ogres
  3 phantoms
  43 wolves
  3 centaurs
  5 big kobolds
  8 crocodiles
  19 bullfrogs
  A gnoll sergeant (D:11)
  An earth elemental (Lab)
  Dowan (D:7)
  A wyvern skeleton (D:7)
  4 scorpions
  12 killer bees
  4 wights (D:7)
  4 howler monkeys
  A bullfrog zombie (D:7)
  3 centaur zombies
  9 crimson imps
  8 jellies
  2 hounds
  6 orc priests
  A bullfrog skeleton (D:10)
  11 orc wizards
  Jessica (D:2)
  3 iguanas
  Terence (D:3)
  Natasha (thrice) (D:2)
  12 worker ants
  3 hound skeletons
  4 worker ant zombies
  11 gnolls
  19 adders
  9 river rats (Sewer)
  2 shadow imps
  8 oozes
  4 adder zombies
  3 adder skeletons
  A worm (D:2)
  3 dart slugs
  9 leopard geckos
  54 orcs
  3 bats
  7 giant cockroaches
  11 goblins
  11 hobgoblins
  11 jackals
  3 quokkas
  3 ball pythons (Sewer)
  8 frilled lizards
  42 kobolds
  A quokka zombie (D:8)
  24 rats
  A bush (Lair:5)
663 creatures vanquished.

Vanquished Creatures (others)
  A polar bear (IceCv)
  2 yaks (IceCv)
  4 wolves (IceCv)
  An orc (D:6)
  3 bushes
  A fungus (Lair:2)
  6 plants
18 creatures vanquished.

Grand Total: 681 creatures vanquished

Notes
Turn   | Place    | Note
-------+----------+-------------------------------------------
     0 | D:1      | MirrMurr the Tengu Berserker began the quest for the Orb.
     0 | D:1      | Reached XP level 1. HP: 14/14 MP: 2/2
   286 | D:1      | Reached XP level 2. HP: 19/19 MP: 3/3
   433 | D:1      | Reached skill level 4 in Polearms
   543 | D:1      | Reached XP level 3. HP: 23/23 MP: 4/4
   546 | D:1      | Reached ** piety under Trog
   774 | D:2      | Noticed Natasha
   778 | D:2      | Noticed Jessica
   808 | D:2      | Killed Natasha
   816 | D:2      | Killed Jessica
   816 | D:2      | Reached XP level 4. HP: 26/28 MP: 5/5
   823 | D:2      | Noticed Natasha
   844 | D:2      | Killed Natasha
   844 | D:2      | Reached skill level 5 in Polearms
  1084 | D:2      | Gained mutation: You can fly. [Tengu growth]
  1084 | D:2      | Reached XP level 5. HP: 31/33 MP: 6/6
  1351 | D:2      | Noticed Natasha
  1361 | D:2      | Killed Natasha
  1673 | D:2      | Found a burning altar of Makhleb.
  2068 | D:3      | Reached XP level 6. HP: 38/38 MP: 7/7
  2401 | D:3      | Reached skill level 6 in Polearms
  2878 | D:3      | Noticed Terence
  2886 | D:3      | Killed Terence
  2982 | D:3      | Found a sacrificial altar of Ru.
  2982 | D:3      | Found a hide-covered altar of Uskayaw.
  3318 | D:4      | Reached *** piety under Trog
  3544 | D:4      | Found a staircase to the Ecumenical Temple.
  3807 | Temple   | Entered the Ecumenical Temple
  3830 | D:5      | Entered Level 5 of the Dungeon
  3898 | D:5      | Noticed Execuda's ghost (amateur DDFi)
  4045 | D:5      | Killed Execuda's ghost
  4045 | D:5      | Reached skill level 7 in Polearms
  4045 | D:5      | Reached XP level 7. HP: 44/44 MP: 8/8
  4236 | D:5      | Reached skill level 8 in Polearms
  4278 | D:5      | Reached XP level 8. HP: 48/48 MP: 9/9
  4511 | D:5      | Reached skill level 5 in Fighting
  4974 | D:6      | Reached **** piety under Trog
  4981 | D:6      | Reached skill level 9 in Polearms
  5229 | D:6      | Noticed Pikel
  5242 | D:6      | HP: 3/73 [disintegration (14)]
  5244 | D:6      | Killed Pikel
  5244 | D:6      | Reached XP level 9. HP: 3/55 MP: 10/10
  5423 | D:6      | Found a glowing drain.
  5443 | Sewer    | Entered a sewer
  5483 | Sewer    | Reached skill level 10 in Polearms
  5760 | Sewer    | Reached ***** piety under Trog
  5764 | Sewer    | Received a gift from Trog
  6344 | D:6      | Found Suichol's Assorted Antiques.
  6350 | D:6      | Reached skill level 5 in Armour
  6587 | D:7      | Noticed a manticore
  6595 | D:7      | Killed a manticore
  6595 | D:7      | Reached skill level 11 in Polearms
  6641 | D:7      | Found Moecusud's Food Boutique.
  6830 | D:7      | Noticed Dowan
  6831 | D:7      | Noticed Duvessa
  6859 | D:7      | Killed Duvessa
  6864 | D:7      | Reached XP level 10. HP: 58/61 MP: 11/11
  6879 | D:7      | Killed Dowan
  6879 | D:7      | Reached skill level 12 in Polearms
  7015 | D:7      | Found an ancient bone altar of Kikubaaqudgha.
  7016 | D:7      | Found a basalt altar of Yredelemnul.
  7016 | D:7      | Found an iron altar of Okawaru.
  7038 | D:7      | Found a shadowy altar of Dithmenos.
  7125 | D:7      | Found Nushamod's Armour Boutique.
  7440 | D:7      | Found Fuapicy's Book Boutique.
  7570 | D:8      | Noticed a two-headed ogre
  7575 | D:8      | Killed a two-headed ogre
  7606 | D:8      | Noticed Gastronok
  7622 | D:8      | Killed Gastronok
  7622 | D:8      | Reached skill level 13 in Polearms
  7690 | D:8      | Found a flagged portal.
  7856 | Bailey   | Entered a bailey
  8083 | Bailey   | Noticed an orc knight
  8097 | Bailey   | Reached XP level 11. HP: 42/69 MP: 7/12
  8105 | Bailey   | Killed an orc knight
  8409 | Bailey   | Found a burning altar of Makhleb.
  8524 | D:8      | Noticed a two-headed ogre
  8532 | D:8      | Killed a two-headed ogre
  8702 | D:8      | Found an opulent altar of Gozag.
  8812 | D:8      | Reached skill level 14 in Polearms
  9822 | D:9      | Found a staircase to the Orcish Mines.
  9885 | D:9      | Received a gift from Trog
 10581 | D:10     | Entered Level 10 of the Dungeon
 10595 | D:10     | Reached skill level 15 in Polearms
 10658 | D:10     | Received a gift from Trog
 10928 | D:10     | Reached XP level 12. HP: 73/76 MP: 13/13
 11041 | D:10     | Found a staircase to the Lair.
 11077 | D:10     | Reached skill level 1 in Slings
 11746 | D:11     | Noticed a two-headed ogre
 11812 | D:11     | Killed a two-headed ogre
 11819 | D:11     | Noticed a two-headed ogre
 11828 | D:11     | Killed a two-headed ogre
 11828 | D:11     | Reached skill level 10 in Fighting
 12011 | D:11     | Noticed a five-headed hydra
 12012 | D:11     | Reached skill level 5 in Slings
 12017 | D:11     | Killed an eight-headed hydra
 12873 | D:11     | Found Roem's Magic Scroll Boutique.
 12946 | D:11     | Received a gift from Trog
 12960 | D:11     | Found Setez's Jewellery Shoppe.
 12983 | D:11     | Bought the ring of Zemolas {rElec rPois} for 374 gold pieces
 13233 | D:11     | Found a white marble altar of Elyvilon.
 13401 | Lair:1   | Entered Level 1 of the Lair of Beasts
 13447 | D:10     | Reached XP level 13. HP: 63/83 MP: 7/14
 13652 | Lair:1   | Identified a scroll of acquirement
 13653 | Lair:1   | Got a scorched hunting sling
 13655 | Lair:1   | Identified the +1 hunting sling "Befogg" {venom, rN+ MR+} (You acquired it on level 1 of the Lair of Beasts)
 14471 | Lair:1   | Reached ****** piety under Trog
 14552 | Lair:1   | Reached skill level 10 in Slings
 15138 | Lair:1   | Reached skill level 10 in Armour
 15367 | Lair:2   | Found a staircase to the Swamp.
 15466 | Lair:2   | Received a gift from Trog
 15612 | Lair:2   | Reached skill level 5 in Dodging
 16186 | Lair:3   | Found a labyrinth entrance.
 16236 | Lab      | Entered a labyrinth
 16935 | Lab      | Gained mutation: You can fly continuously. [Tengu growth]
 16935 | Lab      | Reached XP level 14. HP: 89/91 MP: 15/15
 16974 | Lab      | Found an exit through the horrors of the Abyss.
 17017 | Lab      | Reached skill level 16 in Polearms
 17032 | Lab      | Identified Yleniv's Catalogue of Dislocation and the Birds
 17056 | Lab      | Identified the Collected Works on the Rocks
 17347 | Lair:3   | Received a gift from Trog
 17534 | Lair:3   | Found a hole to the Spider Nest.
 18450 | Lair:4   | Received a gift from Trog
 18838 | Lair:5   | Found a staircase to the Slime Pits.
 19792 | Lair:6   | Entered Level 6 of the Lair of Beasts
 19819 | Lair:6   | Received a gift from Trog
 20095 | Lair:6   | Found a frozen archway.
 20117 | IceCv    | Entered an ice cave
 20644 | IceCv    | Reached skill level 17 in Polearms
 20800 | IceCv    | Noticed a frost giant
 20823 | IceCv    | Mangled by a frost giant

Vault maps used:
D:1:      dpeg_arrival_simpleton_c
D:2:      makhleb_grotto_becter, st_stairs_1, guppyfry_early_orc_mine,
          uniq_natasha, uniq_jessica
D:3:      gammafunk_temple_overflow_wave, uniq_terence
D:4:      temple_doors_cd
D:5:      first_ration
D:6:      serial_shops, shop, portal_sewer_entry_f, kennysheep_small_circle,
          uniq_pikel
D:7:      nicolae_overflow_quartered_altars, serial_shops,
          kennysheep_little_box, shop_fountains, kennysheep_mini_moat,
          uniq_duvessa
D:8:      enter_bailey_8, basic_altar, hangedman_little_slice_of_home,
          uniq_gastronok
D:9:      erik_orc_3
D:10:     minmay_lair_entry_grove
D:11:     basic_altar, serial_shops, shop, shop, kennysheep_generic_room_8
Temple:   minmay_freezing_vapour_temple
Lair:1:   lemuel_reptile_caves, st_stairs_9, nicolae_quartered_pool_super,
          beast_lair_carwin_4, infiniplex_staircase_pool_2
Lair:2:   swamp_mist_pool
Lair:3:   dummy_spider_entry, lab_entry_generic
Lair:5:   minmay_slime_entry_pillars, minmay_hedge_maze, beast_lair_carwin_1,
          grunt_megastairs_5, lemuel_fruit_fields
Lair:6:   cheibrodos_lair_end_hotspot, portal_ice_cave_demonic_guard
Lab:      nicolae_lab_dead_adventurers, labyrinth_lava_lair, nicolae_lab_garden,
          labyrinth_fake_exit, nicolae_lab_big_swirl, lab_hedge,
          labyrinth_skeletal_remains, nicolae_lab_flowing_pool,
          nicolae_lab_arrow, nicolae_lab_lava, lab_statue, nicolae_lab_hexagon
Sewer:    sewer_minmay_treatment
Bailey:   bailey_axe_3, bailey
IceCv:    ice_cave_caverns_02

Skill      XL: |  1  2  3  4  5  6  7  8  9 10 11 12 13 14 |
---------------+-------------------------------------------+-----
Polearms       | 4 5 7 8 9 11 13 15 17 | 17.0
Dodging        | 3 4 5 7 |  7.7
Fighting       | 4 6 8 9 10 11 12 | 12.5
Armour         | 3 4 5 7 8 9 10 11 | 11.5
Slings         | 8 10 | 10.0

Action                   |  1- 3 |  4- 6 |  7- 9 | 10-12 | 13-15 || total
-------------------------+-------+-------+-------+-------+-------++-------
Melee: Spear             |    53 |   128 |    95 |       |       ||   276
       Peck              |     6 |    19 |    54 |   102 |   174 ||   355
       Kick              |     8 |    30 |    89 |   166 |   271 ||   564
       Unarmed           |    12 |    10 |       |       |       ||    22
       Halberd           |       |       |   193 |   214 |       ||   407
       Glaive            |       |       |       |   302 |   787 ||  1089
 Fire: Hunting sling     |       |    62 |   118 |   377 |   238 ||   795
       Blowgun           |       |       |     3 |       |       ||     3
Invok: Berserk           |       |     4 |     1 |     4 |     2 ||    11
       Trog's Hand       |       |       |     1 |     2 |     4 ||     7
 Abil: Fly               |       |       |     1 |     3 |     1 ||     5
  Use: Scroll            |     2 |     5 |     4 |    14 |    14 ||    39
 Stab: Sleeping          |     2 |       |       |       |       ||     2
  Eat: Chunk             |       |     8 |     6 |    20 |    19 ||    53
       Ration            |       |     2 |     1 |     2 |     6 ||    11
Armor: Animal skin       |     1 |     8 |       |       |       ||     9
       Scale mail        |       |    13 |    64 |       |       ||    77
       Chain mail        |       |       |    17 |    49 |       ||    66
       Plate armour      |       |       |       |   255 |   442 ||   697
Dodge: Dodged            |    19 |    55 |   117 |   297 |   459 ||   947

Table legend:
 A = Spawn XP
 B = Non-spawn XP
 C = Spawn XP percentage of total XP
 D = Spawn monster count
 E = Non-spawn monster count
 F = Spawn count percentage of total count
 G = Total turns spent on level
                    A         B        C        D         E        F      G
               +---------+---------+-------+---------+---------+-------+---------
         Total |       0 |   81766 |   0.0 |       0 |     662 |   0.0 | 20823
               +---------+---------+-------+---------+---------+-------+---------
           D:1 |       0 |      45 |   0.0 |       0 |      26 |   0.0 |   792
           D:2 |       0 |     267 |   0.0 |       0 |      25 |   0.0 |  1216
           D:3 |       0 |      63 |   0.0 |       0 |      15 |   0.0 |  1065
           D:4 |       0 |     220 |   0.0 |       0 |      10 |   0.0 |   851
           D:5 |       0 |     982 |   0.0 |       0 |      30 |   0.0 |   955
           D:6 |       0 |    1156 |   0.0 |       0 |      23 |   0.0 |  1229
           D:7 |       0 |    2360 |   0.0 |       0 |      30 |   0.0 |   912
           D:8 |       0 |    5135 |   0.0 |       0 |      42 |   0.0 |  1278
           D:9 |       0 |    4886 |   0.0 |       0 |      67 |   0.0 |  1246
          D:10 |       0 |    6270 |   0.0 |       0 |      55 |   0.0 |  2060
          D:11 |       0 |    9139 |   0.0 |       0 |      43 |   0.0 |   963
        Lair:1 |       0 |   10954 |   0.0 |       0 |      74 |   0.0 |  1631
        Lair:2 |       0 |    3866 |   0.0 |       0 |      15 |   0.0 |   924
        Lair:3 |       0 |    5123 |   0.0 |       0 |      26 |   0.0 |   927
        Lair:4 |       0 |    3652 |   0.0 |       0 |      18 |   0.0 |   823
        Lair:5 |       0 |    4957 |   0.0 |       0 |      22 |   0.0 |  1049
        Lair:6 |       0 |    5784 |   0.0 |       0 |      14 |   0.0 |   303
           Lab |       0 |    7852 |   0.0 |       0 |      22 |   0.0 |   829
         Sewer |       0 |     397 |   0.0 |       0 |      48 |   0.0 |   474
        Bailey |       0 |    1042 |   0.0 |       0 |      16 |   0.0 |   588
         IceCv |       0 |    7616 |   0.0 |       0 |      41 |   0.0 |   706
               +---------+---------+-------+---------+---------+-------+---------
